Map: Orbital Shipyard

Players

RunkePer - Winner!

  • Race: Protoss Protoss

Puppytherapy

  • Race: Protoss Protoss

VOD

Have the link to the VOD?

Description

Time

  • Played on: May 3, 2015, 4:18 p.m.
  • Length: 14:39
Show
View Real Time Build Order
Export as new Build Order

RunkePer Protoss - Winner!

Build Orders: Disruptor Archon 

Get SALT Encoding   

  12  0:01  Probe  
  13  0:14  Pylon  
  13  0:18  Probe  
  14  0:32  Probe (Chrono Boost)  
  15  0:36  Gateway  
  15  0:41  Probe (Chrono Boost)  
  16  0:45  Assimilator  
  16  0:49  Probe  
  17  0:52  Assimilator  
  17  1:01  Probe (Chrono Boost)  
  18  1:13  Probe (Chrono Boost), Pylon  
  19  1:20  Probe (Chrono Boost)  
  19  1:23  Cybernetics Core  
  20  1:30  Probe (Chrono Boost)  
  21  1:40  Gateway  
  21  1:42  Probe (Chrono Boost)  
  22  1:53  Probe (Chrono Boost)  
  23  1:55  Pylon  
  23  2:00  Adept  
  25  2:03  Probe  
  25  2:06  Warp Gate  
  28  2:15  Mothership Core  
  28  2:27  Adept (Chrono Boost)  
  32  2:34  Adept (Chrono Boost)  
  32  2:46  Probe  
  33  2:55  Nexus  
  33  2:57  Pylon  
  33  3:10  Robotics Facility  
  33  3:15  Pylon  
  34  3:20  Probe  
  34  3:37  Probe (Chrono Boost)  
  36  3:49  Probe (Chrono Boost)  
  36  3:56  Probe (Chrono Boost)  
  37  4:03  Observer  
  37  4:06  Probe (Chrono Boost)  
  39  4:13  Probe (Chrono Boost)  
  41  4:17  Sentry x2, Probe (Chrono Boost)  
  46  4:24  Probe (Chrono Boost)  
  46  4:25  Nexus  
  46  4:30  Immortal (Chrono Boost)  
  48  4:41  Probe x2  
  50  4:53  Probe x2  
  50  4:54  Stalker x2  
  56  5:07  Immortal (Chrono Boost)  
  56  5:09  Pylon  
  56  5:11  Pylon  
  60  5:27  Robotics Bay  
  61  5:28  Probe, Pylon  
  61  5:30  Probe, Assimilator  
  61  5:32  Assimilator  
  61  5:34  Zealot  
  61  5:35  Zealot  
  66  5:42  Probe (Chrono Boost)  
  67  5:43  Observer  
  67  5:46  Probe (Chrono Boost)  
  67  5:47  Probe (Chrono Boost)  
  70  5:53  Probe (Chrono Boost)  
  70  5:55  Gateway  
  70  5:56  Probe (Chrono Boost)  
  73  5:57  Gateway  
  73  5:58  Probe (Chrono Boost)  
  73  6:00  Probe (Chrono Boost), Pylon  
  73  6:03  Probe x2 (Chrono Boost)  
  76  6:12  Probe  
  76  6:17  Probe  
  82  6:21  Disruptor (Chrono Boost)  
  82  6:22  Forge x2  
  82  6:25  Probe  
  83  6:28  Assimilator  
  83  6:30  Twilight Council  
  83  6:32  Assimilator  
  83  6:33  Pylon  
  83  6:37  Probe (Chrono Boost)  
  83  6:38  Probe (Chrono Boost)  
  86  6:44  Probe (Chrono Boost)  
  88  6:47  Probe x2 (Chrono Boost)  
  88  6:51  Probe (Chrono Boost)  
  93  6:55  Gateway x2  
  93  7:00  Probe, Disruptor (Chrono Boost)  
  94  7:01  Probe  
  94  7:02  Probe  
  96  7:10  Protoss Ground Armor Level 1 (Chrono Boost)  
  96  7:11  Protoss Ground Weapons Level 1 (Chrono Boost)  
  96  7:12  Probe  
  96  7:13  Probe  
  98  7:18  Probe  
  98  7:20  Charge (Chrono Boost)  
  99  7:24  Probe, Disruptor  
  99  7:25  Pylon  
  99  7:26  Zealot x3  
  99  7:28  Pylon  
  106  7:30  Pylon  
  106  7:35  Photon Cannon  
  104  7:51  Disruptor  
  99  8:06  Photon Cannon  
  99  8:08  Photon Cannon  
  99  8:09  Probe (Chrono Boost)  
  99  8:12  Probe x2 (Chrono Boost)  
  102  8:14  Photon Cannon  
  102  8:17  Zealot x3  
  102  8:18  Zealot  
  110  8:22  Probe (Chrono Boost)  
  110  8:24  Probe x2 (Chrono Boost)  
  111  8:28  Probe (Chrono Boost)  
  109  8:40  Probe  
  109  8:41  Probe  
  111  8:42  Probe  
  111  8:48  Nexus  
  112  8:52  Stalker  
  112  8:53  Stalker x3, Probe x2  
  112  8:54  Probe  
  123  8:59  Protoss Ground Weapons Level 2 (Chrono Boost)  
  123  9:00  Disruptor  
  123  9:05  Probe x2, Protoss Ground Armor Level 2 (Chrono Boost)  
  123  9:06  Probe  
  125  9:17  Probe  
  125  9:18  Nexus  
  125  9:20  Pylon  
  125  9:21  Templar Archives  
  125  9:23  Pylon  
  121  9:40  Probe x2  
  121  9:45  Photon Cannon  
  123  9:48  Photon Cannon  
  123  9:50  Gateway, Assimilator  
  123  9:54  Gateway  
  123  9:56  Gateway, Assimilator  
  123  9:58  Gateway, High Templar x3  
  123  9:59  High Templar x3  
  135  10:00  Probe  
  135  10:01  Pylon  
  136  10:18  Archon x2  
  136  10:19  Archon  
  136  10:27  Gateway x2  
  136  10:31  Gateway  
  136  10:35  Gateway  
  136  10:37  Gateway  
  136  10:39  Gateway  
  136  10:40  High Templar x5  
  136  10:41  High Templar  
  136  10:42  Disruptor x2  
  148  10:48  Archon x3  
  148  10:58  Blink  
  148  11:00  Protoss Ground Weapons Level 3 (Chrono Boost)  
  148  11:02  Protoss Ground Armor Level 3 (Chrono Boost)  
  148  11:12  Zealot x3  
  148  11:13  Zealot x3  
  131  11:26  Zealot x4  
  129  11:38  Zealot  
  129  11:39  Zealot x6  
  135  11:40  Zealot x4  
  135  11:44  Immortal (Chrono Boost)  
  147  12:01  Robotics Bay  
  147  12:13  Nexus  
  147  12:17  Assimilator  
  147  12:18  Disruptor  
  147  12:22  Assimilator  
  147  12:24  High Templar  
  147  12:25  High Templar x6  
  147  12:26  High Templar x2  
  160  12:32  Archon x3  
  160  12:33  Archon  
  160  12:57  Nexus  
  160  12:59  Assimilator  
  160  13:00  Zealot  
  160  13:01  Pylon, Zealot x5  
  160  13:02  Zealot  
  176  13:05  Disruptor (Chrono Boost)  
  176  13:07  Pylon  
  176  13:09  Pylon  
  176  13:11  Pylon  
  180  13:42  Photon Cannon  
  180  13:43  Disruptor (Chrono Boost)  
  180  13:45  Zealot x8, High Templar x2, Photon Cannon  
  180  13:46  Photon Cannon  
  180  13:47  Disruptor  
  200  13:49  Archon, Robotics Facility  
  200  14:02  Pylon  
  186  14:33  Zealot x3  
  186  14:34  Zealot x4  
Show
View Real Time Build Order
Export as new Build Order

Puppytherapy Protoss 

Build Orders: Disruptor Archon, Zealot Archon, Dark Templar Rush 

Get SALT Encoding   

  12  0:01  Probe  
  14  0:17  Pylon  
  14  0:18  Probe  
  14  0:36  Gateway, Probe (Chrono Boost)  
  15  0:47  Probe (Chrono Boost)  
  15  0:48  Assimilator  
  16  0:50  Assimilator  
  16  0:53  Probe (Chrono Boost)  
  17  1:02  Pylon  
  17  1:05  Probe (Chrono Boost)  
  18  1:14  Probe (Chrono Boost)  
  19  1:22  Probe  
  19  1:23  Cybernetics Core  
  20  1:34  Probe  
  21  1:46  Probe (Chrono Boost)  
  22  1:58  Probe (Chrono Boost)  
  22  2:00  Twilight Council  
  23  2:05  Mothership Core (Chrono Boost)  
  25  2:12  Stalker, Warp Gate (Chrono Boost)  
  27  2:23  Pylon  
  27  2:25  Probe (Chrono Boost)  
  28  2:32  Probe (Chrono Boost)  
  29  2:42  Stalker  
  31  2:53  Dark Shrine  
  31  2:54  Probe  
  32  3:06  Probe  
  32  3:12  Stalker (Chrono Boost)  
  35  3:20  Pylon  
  37  3:51  Gateway  
  37  3:53  Nexus  
  35  3:55  Pylon  
  35  3:59  Forge  
  35  4:07  Dark Templar  
  37  4:11  Probe  
  38  4:21  Gateway  
  38  4:23  Probe  
  39  4:35  Probe (Chrono Boost)  
  40  4:41  Protoss Ground Weapons Level 1  
  41  4:47  Probe (Chrono Boost)  
  41  4:49  Pylon  
  41  4:53  Probe (Chrono Boost)  
  42  5:05  Probe (Chrono Boost)  
  41  5:12  Probe (Chrono Boost)  
  41  5:15  Charge  
  41  5:17  Probe (Chrono Boost)  
  43  5:24  Probe (Chrono Boost)  
  43  5:25  Robotics Facility  
  43  5:26  Probe (Chrono Boost)  
  44  5:32  Pylon  
  44  5:33  Probe (Chrono Boost)  
  46  5:38  Probe (Chrono Boost)  
  46  5:39  Pylon  
  47  5:44  Probe (Chrono Boost), Assimilator  
  47  5:47  Pylon  
  47  5:48  Assimilator  
  48  5:50  Probe (Chrono Boost)  
  48  5:51  Photon Cannon  
  48  5:56  Probe (Chrono Boost), Photon Cannon  
  49  6:11  Nexus  
  49  6:13  Probe (Chrono Boost)  
  51  6:22  Probe (Chrono Boost), Warp Prism (Chrono Boost)  
  53  6:30  Probe (Chrono Boost)  
  53  6:31  Probe (Chrono Boost)  
  55  6:41  Probe  
  55  6:42  Probe, Protoss Ground Weapons Level 2 (Chrono Boost)  
  58  6:54  Templar Archives, Probe (Chrono Boost)  
  58  6:55  Dark Templar, Pylon  
  58  6:56  Probe (Chrono Boost)  
  61  7:04  Gateway  
  61  7:06  Probe (Chrono Boost)  
  63  7:09  Probe (Chrono Boost)  
  64  7:17  Gateway  
  64  7:21  Gateway  
  64  7:22  Gateway  
  63  7:27  Gateway  
  63  7:28  Dark Templar  
  65  7:54  Probe (Chrono Boost)  
  65  7:57  Blink  
  66  7:59  Gateway x2, Probe (Chrono Boost)  
  66  8:00  Probe (Chrono Boost)  
  66  8:02  Dark Templar  
  66  8:04  Probe (Chrono Boost)  
  67  8:08  Probe x2 (Chrono Boost)  
  67  8:11  Pylon  
  69  8:13  Zealot x3  
  69  8:17  Dark Templar x2  
  71  8:32  Probe x3  
  72  8:34  Assimilator  
  72  8:39  Gateway  
  72  8:40  Assimilator  
  70  8:43  Observer  
  70  8:45  Gateway  
  71  8:50  Pylon  
  71  8:56  Probe x3  
  71  9:02  Zealot x2, Pylon  
  74  9:03  Zealot x2  
  74  9:08  Probe x3  
  85  9:13  Photon Cannon  
  85  9:16  Photon Cannon  
  85  9:20  Probe x2  
  79  9:26  Dark Templar x3  
  79  9:27  Dark Templar  
  77  9:39  Probe  
  77  9:43  Stalker x5  
  88  9:47  Pylon  
  88  9:49  Protoss Ground Weapons Level 3 (Chrono Boost)  
  88  10:06  Pylon  
  88  10:13  Pylon  
  88  10:18  Pylon, High Templar x3  
  88  10:19  High Templar x4  
  88  10:20  Nexus  
  102  10:23  Archon x3  
  102  10:33  Pylon  
  102  10:39  Stalker x2  
  102  10:40  Stalker x3  
  112  10:56  Zealot, High Templar  
  116  10:57  Zealot x3  
  116  11:00  Stalker x3  
  116  11:01  Archon  
  128  11:18  Pylon  
  110  11:23  Zealot x4  
  110  11:24  Zealot x5  
  110  11:25  Zealot  
  81  11:45  High Templar x4  
  81  11:46  Zealot  
  81  11:47  Zealot x5  
  93  11:48  Zealot  
  93  11:49  Archon x2  
  103  11:55  Dark Templar  
  105  12:07  Assimilator  
  105  12:11  Assimilator  
  105  12:12  Robotics Bay  
  105  12:14  Zealot x4  
  105  12:15  Dark Templar  
  115  12:23  Photon Cannon  
  114  12:43  Probe x2  
  106  12:45  Protoss Ground Armor Level 1 (Chrono Boost)  
  106  12:53  Warp Prism (Chrono Boost)  
  108  12:59  Pylon  
  108  13:02  Nexus  
  108  13:03  Pylon  
  112  13:20  Pylon  
  112  13:25  Disruptor (Chrono Boost)  
  110  13:31  Dark Templar  
  112  13:40  Robotics Facility  
  112  13:41  Robotics Facility  
  112  13:50  Disruptor  
  112  13:51  Pylon  
  116  14:00  Disruptor x2 (Chrono Boost)  
  116  14:03  Zealot  
  116  14:04  Zealot x5  
  116  14:05  Dark Templar  
  110  14:28  Zealot x6  
  110  14:29  Zealot x5  
Tags
 
Add a new tag
Caveats
  • Supply blocks, unpowered buildings, or Contaminate may cause inaccurate times.
  • Supply counts are checked every 10 seconds.